Map: Jagannatha LE

Players

BackToBasics - Winner!

  • Race: Zerg Zerg
  • League: Diamond

IIIIIIIIIIII

  • Race: Protoss Protoss
  • League: Master

VOD

Have the link to the VOD?

Description

Time

  • Played on: Sept. 11, 2021, 5:18 a.m.
  • Length: 13:00
Show
View Real Time Build Order
Export as new Build Order

BackToBasics Zerg - Winner!

Build Orders: Hatch First 

Get SALT Encoding   

  12  0:00  Drone  
  13  0:12  Overlord  
  13  0:17  Drone  
  14  0:30  Drone x2  
  16  0:49  Hatchery  
  15  0:52  Drone  
  15  0:56  Drone  
  17  1:01  Drone  
  18  1:10  Extractor  
  17  1:16  Spawning Pool  
  16  1:20  Drone  
  16  1:23  Drone  
  18  1:28  Drone  
  19  1:41  Drone  
  20  1:51  Overlord  
  20  2:03  Queen x2  
  20  2:05  Zergling x4  
  26  2:16  Drone x2  
  26  2:17  Metabolic Boost  
  28  2:25  Drone x2  
  30  2:39  Hatchery  
  29  2:46  Overlord  
  29  2:47  Drone  
  29  2:49  Drone  
  32  2:51  Drone  
  32  2:58  Queen  
  34  3:06  Drone x2  
  34  3:09  Queen  
  38  3:16  Drone x2  
  38  3:18  Overlord  
  40  3:20  Drone  
  40  3:22  Drone  
  40  3:24  Drone  
  43  3:32  Drone  
  44  3:35  Overlord  
  44  3:39  Queen  
  46  3:42  Overlord  
  46  3:43  Overlord  
  46  3:51  Zergling x6  
  49  3:58  Queen  
  51  4:06  Drone  
  51  4:08  Drone x6  
  57  4:22  Drone x2  
  57  4:23  Drone  
  59  4:27  Extractor  
  59  4:28  Extractor, Roach Warren  
  56  4:35  Drone x3  
  56  4:36  Overlord x3  
  59  4:43  Lair  
  59  4:45  Drone x4  
  63  4:52  Drone x2  
  65  5:03  Drone x10  
  65  5:06  Overlord  
  75  5:08  Overlord  
  75  5:27  Extractor  
  71  5:28  Drone  
  71  5:30  Drone x3, Extractor x2  
  71  5:34  Drone x3  
  71  5:35  Drone x3  
  78  5:36  Overlord  
  78  5:37  Overlord x3  
  78  5:39  Roach x2  
  83  5:46  Roach x2  
  83  5:48  Glial Reconstitution  
  87  5:52  Drone, Evolution Chamber  
  87  5:54  Overlord x2  
  87  5:58  Drone  
  87  6:00  Roach  
  87  6:02  Hydralisk Den  
  87  6:14  Queen x2  
  87  6:15  Queen  
  89  6:25  Zerg Missile Weapons Level 1  
  89  6:31  Hydralisk x4, Grooved Spines  
  89  6:32  Hydralisk  
  99  6:38  Drone  
  100  6:46  Hydralisk x6  
  112  6:50  Queen x3  
  118  6:57  Hydralisk x5  
  128  7:06  Hydralisk x3  
  132  7:17  Hydralisk x3  
  138  7:25  Hydralisk x3  
  144  7:43  Muscular Augments  
  144  7:49  Overlord x4  
  144  7:50  Overlord  
  144  7:54  Hydralisk x4  
  144  7:57  Overlord x2  
  144  7:58  Overlord  
  152  8:11  Hydralisk x2  
  152  8:12  Hydralisk x8  
  170  8:19  Zerg Ground Armor Level 1  
  172  8:20  Hatchery  
  171  8:29  Hydralisk x5  
  181  8:43  Hydralisk x5  
  181  8:44  Hydralisk  
  193  9:07  Hatchery  
  192  9:15  Extractor  
  192  9:16  Extractor  
  188  9:23  Hydralisk x5  
  192  9:38  Hydralisk  
  192  9:39  Hydralisk x2  
  188  9:58  Spore Crawler  
  188  9:59  Spore Crawler x3  
  172  10:00  Spore Crawler x3  
  172  10:01  Spore Crawler  
  172  10:02  Spore Crawler x3  
  172  10:03  Spore Crawler  
  172  10:05  Hydralisk x4  
  172  10:06  Hydralisk x7  
  176  10:14  Drone x3  
  176  10:30  Lair  
  151  11:05  Hydralisk x7  
  162  11:47  Overlord x6  
  162  12:33  Spawning Pool  
Show
View Real Time Build Order
Export as new Build Order

IIIIIIIIIIII Protoss 

Build Orders: 1 Gate Expand, Carriers 

Get SALT Encoding   

  12  0:00  Probe  
  13  0:12  Probe  
  14  0:20  Pylon  
  14  0:24  Probe  
  15  0:38  Probe  
  15  0:42  Gateway  
  16  0:47  Assimilator  
  16  0:50  Probe (Chrono Boost)  
  17  1:00  Probe (Chrono Boost)  
  18  1:05  Probe (Chrono Boost)  
  19  1:16  Probe  
  20  1:28  Probe  
  21  1:34  Nexus  
  21  1:48  Cybernetics Core  
  21  1:50  Probe  
  22  1:58  Assimilator  
  22  2:00  Pylon  
  22  2:02  Probe  
  23  2:18  Probe  
  24  2:25  Adept (Chrono Boost)  
  26  2:30  Probe  
  26  2:31  Stargate  
  27  2:45  Gateway  
  27  2:46  Probe  
  27  2:48  Probe  
  27  2:50  Adept (Chrono Boost)  
  31  2:53  Warp Gate  
  31  3:02  Probe (Chrono Boost)  
  31  3:04  Probe (Chrono Boost)  
  33  3:06  Void Ray (Chrono Boost)  
  33  3:17  Probe (Chrono Boost)  
  33  3:18  Probe (Chrono Boost)  
  39  3:22  Probe  
  39  3:26  Probe  
  41  3:35  Probe  
  41  3:36  Assimilator  
  41  3:37  Assimilator  
  41  3:38  Probe  
  43  3:47  Probe  
  44  3:51  Probe  
  45  3:59  Probe  
  46  4:18  Pylon  
  46  4:22  Probe x2  
  44  4:27  Shield Battery  
  44  4:30  Void Ray (Chrono Boost)  
  44  4:35  Probe  
  49  4:41  Adept x2  
  53  4:45  Probe  
  53  4:46  Stargate  
  53  4:49  Pylon  
  53  4:51  Pylon  
  54  5:03  Void Ray (Chrono Boost)  
  54  5:07  Probe x2  
  54  5:08  Nexus  
  54  5:10  Pylon  
  60  5:15  Adept  
  60  5:19  Probe x2  
  64  5:31  Probe x2  
  64  5:32  Void Ray (Chrono Boost)  
  64  5:34  Fleet Beacon  
  64  5:35  Shield Battery  
  70  5:43  Probe x2  
  70  5:47  Robotics Facility  
  72  5:52  Pylon  
  72  5:54  Pylon  
  72  5:55  Probe  
  73  5:57  Probe  
  74  6:08  Probe  
  75  6:17  Carrier (Chrono Boost)  
  75  6:18  Carrier (Chrono Boost)  
  75  6:21  Probe x3  
  75  6:24  Assimilator  
  90  6:30  Forge  
  90  6:32  Flux Vanes  
  90  6:33  Probe x2  
  90  6:36  Observer  
  90  6:37  Probe  
  94  6:46  Probe x2  
  96  6:50  Probe  
  96  6:51  Assimilator  
  96  6:53  Pylon  
  97  6:54  Pylon  
  97  6:55  Pylon  
  97  6:58  Probe x2  
  99  7:03  Pylon  
  99  7:12  Carrier (Chrono Boost)  
  105  7:16  Pylon  
  105  7:20  Observer  
  106  7:22  Protoss Ground Weapons Level 1 (Chrono Boost)  
  106  7:24  Carrier (Chrono Boost)  
  112  7:31  Robotics Bay  
  112  7:32  Probe x2  
  112  7:35  Probe  
  115  7:41  Gateway  
  115  7:42  Gateway  
  115  7:53  Probe x2  
  115  7:57  Carrier (Chrono Boost)  
  115  7:58  Photon Cannon x2  
  123  8:00  Shield Battery  
  123  8:10  Pylon  
  123  8:17  Twilight Council  
  123  8:26  Shield Battery  
  123  8:27  Photon Cannon  
  123  8:28  Photon Cannon  
  123  8:31  Disruptor (Chrono Boost)  
  132  8:42  Probe x2  
  134  8:50  Carrier  
  134  8:59  Gateway  
  134  9:00  Gateway  
  136  9:03  Pylon  
  108  9:34  Photon Cannon x3  
  108  9:35  Pylon  
  108  9:37  Pylon  
  92  9:43  Pylon  
  68  9:58  Forge  
  51  10:15  Pylon  
  51  10:18  Pylon  
  51  10:19  Gateway  
  51  10:41  Photon Cannon  
  50  10:48  Photon Cannon  
  50  10:51  Photon Cannon  
  50  10:52  Photon Cannon  
  50  10:55  Pylon  
  45  11:03  Pylon  
  33  11:30  Nexus  
  33  11:43  Nexus  
  33  11:44  Pylon  
  32  12:22  Pylon  
Tags
 
Add a new tag
Caveats
  • Supply blocks, unpowered buildings, or Contaminate may cause inaccurate times.
  • Supply counts are checked every 10 seconds.